 Dungeon Crawl Stone Soup version 0.30-a0-845-g7c6808c8ce (webtiles) character file.

Game seed: 6166111131794922665

35 bande the Covered (level 3, -1/24 HPs)
             Began as a Gargoyle Fighter on Mar 2, 2023.
             Slain by a goblin
             ... wielding a +0 club
             ... led by Robin
              (4 damage)
             ... on level 3 of the Dungeon.
             The game lasted 00:03:19 (1845 turns).

bande the Covered (Gargoyle Fighter)                Turns: 1845, Time: 00:03:19

Health: -1/24      AC: 12    Str: 19    XL:     3   Next: 35%
Magic:  3/3        EV:  9    Int:  8    God:
Gold:   1190       SH:  4    Dex: 11    Spells: 2/2 levels left

rFire   . . .      SeeInvis .    a - +0 trident
rCold   . . .      Faith    .    c - +0 buckler
rNeg    + . .      Spirit   .    b - +0 scale mail
rPois   ∞          Reflect  .    (no helmet)
rElec   +          Rampage  .    (no cloak)
rCorr   .                        l - +0 pair of gloves
Will    .....                    p - +0 pair of boots Stlth
                                 (no amulet)
HPRegen 0.24/turn                (no ring)
MPRegen 0.08/turn                (no ring)

@: mighty
A: sickness immunity, AC +3, negative energy resistance 1, electricity
resistance, torment resistance 1, petrification resistance
a: no special abilities


You were on level 3 of the Dungeon.
You visited 1 branch of the dungeon, and saw 3 of its levels.

You collected 1190 gold pieces.

Inventory:

Hand Weapons
 a - a +0 trident (weapon)
 i - a +0 flail
Armour
 b - a +0 scale mail (worn)
 c - a +0 buckler (worn)
 l - a +0 pair of gloves (worn)
 p - a +0 pair of boots (worn)
Scrolls
 k - a scroll of teleportation {unknown}
 m - a scroll of fear {unknown}
 n - a scroll of immolation {unknown}
 o - a scroll of identify
Potions
 d - a potion of might
 e - a potion of heal wounds {unknown}
 f - 3 potions of haste
 g - a potion of degeneration {unknown}
 h - a potion of magic {unknown}
 j - a potion of invisibility {unknown}


   Skills:
 + Level 3.7 Fighting
 + Level 2.3 Polearms
 + Level 3.7 Armour
 + Level 3.6 Shields


You had 2 spell levels left.
You didn't know any spells.
Your spell library contained the following spells:

 Spells                   Type           Power      Damage    Failure   Level
 Magic Dart               Conj           0%         1d3       86%         1
 Call Imp                 Summ           0%         N/A       94%         2
 Ensorcelled Hibernation  Hex/Ice        0%         N/A       94%         2
 Passwall                 Tmut/Erth      0%         N/A       94%         2
 Mephitic Cloud           Conj/Pois/Air  0%         N/A       99%         3
 Swiftness                Air            0%         N/A       99%         3


Dungeon Overview and Level Annotations

Branches:
Dungeon (3/15)

Altars:
Makhleb

Shops:
D:1 :   D:3 *

Annotations:
D:3 Robin


Innate Abilities, Weirdness & Mutations

You are immune to sickness and miasma.
Your stone body is resilient. (AC +3)
You are immune to poison.
You resist negative energy. (rN+)
You are resistant to electric shocks. (rElec)
You are resistant to unholy torment.
You are immune to petrification.


Message History

Robin roars a battlecry!
The goblins go into a battle-frenzy!
The goblin hits you with a +0 dagger. You block the goblin's attack.
The goblin closely misses you. The goblin hits you with a +0 dagger.
The goblin closely misses you. The goblin hits you with a +0 dagger.
You hit the goblin.
The goblin is heavily wounded.
The goblin hits you but does no damage. The goblin barely misses you.
The goblin hits you but does no damage. The goblin hits you with a +0 dagger.
The goblin barely misses you. You block the goblin's attack.
You are too injured to fight recklessly!
You are too injured to fight recklessly!
You are too injured to fight recklessly!
You are too injured to fight recklessly!
You are too injured to fight recklessly!
You are too injured to fight recklessly!
You are too injured to fight recklessly!
You are too injured to fight recklessly!
You feel very mighty all of a sudden.
The goblin hits you but does no damage. x4; The goblin hits you with a +0 club.
The goblin hits you but does no damage.
You barely miss the goblin. The goblin barely misses you.
The goblin hits you but does no damage. You block the goblin's attack.
The goblin barely misses you.
The goblin hits you but does no damage. x2
The goblin barely misses you. The goblin hits you but does no damage.
The goblin barely misses you. You block the goblin's attack.
The goblin completely misses you. The goblin barely misses you.
Unknown command.
You closely miss the goblin. The goblin hits you but does no damage.
You block the goblin's attack. The goblin barely misses you. x2
You block the goblin's attack. The goblin hits you with a +0 dagger.
Unknown command.
You closely miss the goblin. You block the goblin's attack.
The goblin hits you with a +0 dagger.
* * * LOW HITPOINT WARNING * * *
The goblin hits you but does no damage. x2
The goblin hits you with a +0 dagger.
* * * LOW HITPOINT WARNING * * *
The goblin hits you with a +0 club.
You die...

### . #.#
....####g###########
...wggg@g!........>#
?...ggggg#.#######.#
.....ggg.#.# #.#
.......[.#.# #.#
............ #.#
..)....###.# #.#
....... ..# #.#
####### #.#######.#
.........#


You could see a worm, Robin, 2 hobgoblins and 10 goblins.

Vanquished Creatures
  2 giant cockroaches (D:1)
  5 goblins
  4 hobgoblins
  3 kobolds (D:1)
  2 quokkas
  4 ball pythons
  7 bats
  2 frilled lizards (D:1)
29 creatures vanquished.

Notes
Turn   | Place    | Note
-------+----------+-------------------------------------------
     0 | D:1      | bande the Gargoyle Fighter began the quest for the Orb.
     0 | D:1      | Reached XP level 1. HP: 14/14 MP: 1/1
   121 | D:1      | Reached XP level 2. HP: 19/19 MP: 2/2
   474 | D:1      | Reached XP level 3. HP: 23/24 MP: 3/3
   540 | D:1      | Found Ynet's Book Boutique.
   900 | D:2      | Identified a scroll of acquirement
   900 | D:2      | Acquired 1093 gold pieces
   968 | D:2      | Found a burning altar of Makhleb.
  1768 | D:3      | Found Ruokhogug's General Store.
  1835 | D:3      | Noticed Robin
  1845 | D:3      | Slain by a goblin

Illustrated notes

Levels and vault maps discovered:
D:1:      kennysheep_arrival_seaside, layout_loops_cross, serial_shops, shop
D:2:      layout_basic, basic_altar
D:3:      layout_basic, nicolae_overflow_quartered_altars, serial_shops,
          nicolae_shop_temple_entry_statues_fountains, minmay_misc_feat_columns,
          amcnicky_mini_rare_corridor_liquid, lemuel_flame_loot_1, uniq_robin,
          uniq_sigmund

Skill      XL: |  1  2 |
---------------+-------+-----
Polearms       | 2 |  2.3
Fighting       | |  3.7
Armour         | |  3.7
Shields        | |  3.6

Action                     || total
---------------------------++-------
  Melee: Trident           ||   101
    Use: Scroll            ||     2
         Potion            ||     1
 Armour: Scale mail        ||    72
  Dodge: Dodged            ||    54
  Block: Buckler           ||    21

Table legend: (Time is in decaauts)
 A = Elapsed time spent in this place.
 B = Non-inter-level travel time spent in this place.
 C = Inter-level travel time spent in this place.
 D = Time resting spent in this place.
 E = Time spent auto-exploring this place.
 F = Levels seen in this place.
 G = Mean time per level.
                   A        B        C        D        E       F      G
               +--------+--------+--------+--------+--------+-----+--------+
         Total |   1870 |   1745 |    125 |      0 |   1337 |   3 |  623.3 |
       Dungeon |   1870 |   1745 |    125 |      0 |   1337 |   3 |  623.3 |
               +--------+--------+--------+--------+--------+-----+--------+

Top non-repeatable levels by time:
     D:1: 918 daAuts
     D:2: 872 daAuts
     D:3: 79 daAuts
